 Dungeon Crawl Stone Soup version 0.31-a0-154-g56bf346678 (webtiles) character file.

Game seed: 860910327164669471

45 Moral the Firebug (level 3, -6/24 HPs)
             Began as a Human Fire Elementalist on June 12, 2023.
             Killed by nerve-wracking pain
             ... invoked by Grinder
              (11 damage)
             ... while paralysed by Grinder
             ... on level 2 of the Dungeon.
             The game lasted 00:07:06 (1980 turns).

Moral the Firebug (Human Fire Elementalist)         Turns: 1980, Time: 00:07:06

Health: -6/24      AC:  2    Str:  8    XL:     3   Next: 90%
Magic:  6/6        EV:  2    Int: 17    God:
Gold:   140        SH:  0    Dex: 13    Spells: 4/7 levels left

rFire   . . .        h - +0 whip (vamp)
rCold   . . .        (no shield)
rNeg    . . .        a - +0 robe
rPois   .            (no helmet)
rElec   .            (no cloak)
rCorr   .            (no gloves)
SInv    .            (no boots)
Will    .....        (no amulet)
Stlth   ++           (no ring)
HPRegen 0.24/turn    (no ring)
MPRegen 0.10/turn

%: no passive effects
@: paralysed
A: no striking features
a: no special abilities


You were on level 2 of the Dungeon.
You visited 1 branch of the dungeon, and saw 3 of its levels.

You collected 140 gold pieces.

Inventory:

Hand Weapons
 h - a +0 vampiric whip (weapon)
Armour
 a - a +0 robe (worn)
Jewellery
 d - a ring of ice
Scrolls
 c - 2 scrolls of identify
 f - a scroll of enchant weapon
 g - a scroll of poison {unknown}
 i - a scroll of teleportation {unknown}
Potions
 e - 2 potions of curing {unknown}
 j - a potion of heal wounds {unknown}


   Skills:
 - Level 0.2 Maces & Flails
 + Level 2.2 Dodging
 * Level 2.1 Stealth
 * Level 2.5 Spellcasting
 + Level 1.3 Conjurations
 * Level 3.7 Fire Magic


You had 4 spell levels left.
You knew the following spells:

 Your Spells              Type           Power      Damage    Failure   Level
a - Foxfire               Conj/Fire      40%        2x1d6     6%          1
b - Scorch                Fire           30%        2d6       6%          2

Your spell library contained the following spells:

 Spells                   Type           Power      Damage    Failure   Level
 Inner Flame              Hex/Fire       8%         N/A       26%         3
 Volatile Blastmotes      Fire/Tloc      16%        2d11      26%         3
 Flame Wave               Conj/Fire      10%        2d6       54%         4
 Conjure Ball Lightning   Conj/Air       2%         3x3d6     100%        6
 Discord                  Hex            1%         N/A       100%        8
 Disjunction              Tloc           1%         N/A       100%        8


Dungeon Overview and Level Annotations

Branches:
Dungeon (3/15)

Altars:
The Shining One

Annotations:
D:2 Grinder


Message History

Casting: Scorch (safe; 6% risk of failure)
Confirm with . or Enter, or press ? or * to list all spells.
Flames lash Grinder.
Grinder is moderately wounded.
Grinder's fire resistance burns away.
Grinder hits you.
You writhe in agony.
Casting: Scorch (safe; 6% risk of failure)
Confirm with . or Enter, or press ? or * to list all spells.
You don't have enough magic to cast this spell.
Casting: Scorch (safe; 6% risk of failure)
Confirm with . or Enter, or press ? or * to list all spells.
You conjure some foxfire!
A ball python comes into view.
Grinder hits you.
You writhe in agony.
* * * LOW HITPOINT WARNING * * *
There are no items here.
The foxfire hits Grinder.
Grinder is burned terribly!
Grinder is heavily wounded.
The foxfire hits Grinder!
Grinder is burned terribly!
Grinder is severely wounded.
Grinder misses you.
You climb upwards.
There is a stone staircase leading down here.
As you read the scroll labelled FUIXZO XIPH, it crumbles to dust.
It is a scroll of identify.
f - a scroll of enchant weapon Grinder blinks!
Sorry, you're not good enough to have a special ability.
Casting: Foxfire (safe; 6% risk of failure)
Confirm with . or Enter, or press ? or * to list all spells.
You don't have enough magic to cast this spell.
Magic courses through your body. Grinder gestures at you.
You suddenly lose the ability to move!
Grinder is no longer more vulnerable to fire.
Your magical contamination has completely faded away.
Grinder gestures at you.
You shrug off the repeated paralysis!
Grinder gestures at you. Pain shoots through your body!
You die...

#.##..............
#.####.###♣.♣.♣.♣. #.# #.#
#........ #.# #.###♣.♣.♣.♣.
#.# #.##.<.......
#.####....♣.♣.♣.♣.
##########...#...##........
#..........(.......♣#♣#♣#♣#
##########@....5...........
####..............
#..............
#.......#......
#.......#......
#.......#......
#########...... #......
#....♣.


You could see Grinder.

Vanquished Creatures
  A worm (D:2)
  A dart slug (D:2)
  3 bats
  4 endoplasms
  2 giant cockroaches
  4 goblins
  A hobgoblin (D:1)
  6 jackals
  3 quokkas (D:1)
  4 ball pythons
  3 frilled lizards (D:1)
  3 kobolds
35 creatures vanquished.

Vanquished Creatures (others)
  81 foxfires
81 creatures vanquished.

Grand Total: 116 creatures vanquished

Notes
Turn   | Place    | Note
-------+----------+-------------------------------------------
     0 | D:1      | Moral the Human Fire Elementalist began the quest for the
                  | Orb.
     0 | D:1      | Reached XP level 1. HP: 13/13 MP: 3/3
   244 | D:1      | Reached XP level 2. HP: 19/19 MP: 0/5
   866 | D:1      | Reached XP level 3. HP: 24/24 MP: 4/6
  1085 | D:2      | Learned a level 2 spell: Scorch
  1203 | D:2      | Found a glowing golden altar of the Shining One.
  1968 | D:3      | Noticed Grinder
  1976 | D:2      | Paralysed by Grinder for 5 turns
  1980 | D:2      | Killed from afar by Grinder

Illustrated notes

Levels and vault maps discovered:
D:1:      minmay_arrival_cross, layout_basic, minmay_tripent
D:2:      layout_basic, basic_altar, serial_forest, infiniplex_forest_zigzag_2,
          infiniplex_forest_lined_3, infiniplex_forest_lined_3,
          infiniplex_forest_lined_room_3, infiniplex_forest_lined_room_2,
          infiniplex_forest_lined_room_, infiniplex_forest_end_2
D:3:      layout_rooms, serial_bayou_ford_a, uniq_ijyb, uniq_grinder

Action                     || total
---------------------------++-------
  Melee: Unarmed           ||    12
         Whip              ||    33
   Cast: Foxfire           ||    50
         Scorch            ||     5
    Use: Scroll            ||     1
         Potion            ||     1
 Armour: Robe              ||    13
  Dodge: Dodged            ||    54

Table legend: (Time is in decaauts)
 A = Elapsed time spent in this place.
 B = Non-inter-level travel time spent in this place.
 C = Inter-level travel time spent in this place.
 D = Time resting spent in this place.
 E = Time spent auto-exploring this place.
 F = Levels seen in this place.
 G = Mean time per level.
                   A        B        C        D        E       F      G
               +--------+--------+--------+--------+--------+-----+--------+
         Total |   1982 |   1982 |      0 |    396 |   1154 |   3 |  660.7 |
       Dungeon |   1982 |   1982 |      0 |    396 |   1154 |   3 |  660.7 |
               +--------+--------+--------+--------+--------+-----+--------+

Top non-repeatable levels by time:
     D:2: 1028 daAuts
     D:1: 947 daAuts
     D:3: 5 daAuts
